 Dungeon Crawl Stone Soup version 0.21.1-1-g345015f (webtiles) character file.

9975 wojtek the Cleaver (level 11, -7/94 HPs)
             Began as a Minotaur Fighter on July 29, 2018.
             Was a Believer of Makhleb.
             Mangled by a killer bee (10 damage)
             ... on level 10 of the Dungeon.
             The game lasted 00:12:10 (10190 turns).

wojtek the Cleaver (Minotaur Fighter)              Turns: 10190, Time: 00:12:12

Health: -7/94      AC: 13    Str: 35    XL:     11   Next: 30%
Magic:  15/15      EV: 10    Int:  5    God:    Makhleb [**....]
Gold:   377        SH: 12    Dex:  9    Spells: 10/10 levels left

rFire    . . .     SeeInvis .   a - +0 war axe
rCold    . . .     Gourm    .   c - +0 shield
rNeg     . . .     Faith    .   I - +0 chain mail
rPois    .         Spirit   .   (helmet restricted)
rElec    .         Reflect  .   b - +1 cloak
rCorr    .         Harm     .   (no gloves)
MR       +....                  (no boots)
Stlth    ..........             (no amulet)
HPRegen  0.25/turn              l - +5 ring of strength
MPRegen  0.14/turn              A - ring of protection from magic

@: mighty, lethally poisoned (-7 -> -33)
A: retaliatory headbutt, horns 2
a: Minor Destruction, Renounce Religion


You were on level 10 of the Dungeon.
You worshipped Makhleb.
Makhleb was pleased with you.
You were hungry.

You visited 2 branches of the dungeon, and saw 11 of its levels.

You collected 520 gold pieces.
You spent 143 gold pieces at shops.

Inventory:

Hand Weapons
 a - a +0 war axe (weapon)
Armour
 b - a +1 cloak (worn)
 c - a +0 shield (worn)
 D - a scarf of spirit shield
 I - a +0 chain mail (worn)
Jewellery
 e - an uncursed ring of protection from fire {unknown}
 l - a +5 ring of strength (left hand)
 A - a ring of protection from magic (right hand)
 L - an uncursed ring of ice {unknown}
Wands
 w - a wand of iceblast (7)
 y - a wand of random effects (40)
 M - a wand of digging (6)
 N - a wand of polymorph (12)
Scrolls
 g - 9 scrolls of identify {unknown}
 h - 3 scrolls of magic mapping {unknown}
 i - 3 scrolls of fog {unknown}
 j - 3 scrolls of amnesia
 k - a scroll of immolation {unknown}
 m - 3 scrolls of remove curse {unknown}
 p - 5 scrolls of noise {unknown}
 q - 3 scrolls of teleportation {unknown}
 x - a scroll of blinking {unknown}
 B - a scroll of fear {unknown}
 E - 2 scrolls of enchant weapon {unknown}
 J - 2 scrolls of random uselessness {unknown}
 O - a scroll of vulnerability {unknown}
 P - a scroll of acquirement {unknown}
Potions
 d - 2 potions of might
 n - 3 potions of degeneration {unknown}
 o - a potion of ambrosia {unknown}
 r - a potion of berserk rage {unknown}
 s - a potion of agility {unknown}
 t - 5 potions of lignification
 u - a potion of haste {unknown}
 v - a potion of invisibility {unknown}
 z - 4 potions of curing
 F - 2 potions of flight {unknown}
 G - a potion of resistance {unknown}
 H - a potion of magic {unknown}
Comestibles
 f - 20 rations
 K - a chunk of flesh


   Skills:
 + Level 8.0 Fighting
 * Level 11.5 Axes
 + Level 7.8 Armour
 + Level 6.2 Dodging
 + Level 8.0 Shields
 * Level 7.4 Invocations
 + Level 5.2 Evocations


You had 10 spell levels left.
You didn't know any spells.

Dungeon Overview and Level Annotations

Branches:
Dungeon (10/15)            Temple (1/1) D:6            Lair (0/6) D:9
    Orc: D:9-12

Altars:
Ashenzari
Cheibriados
Dithmenos
Elyvilon
Fedhas
Gozag
Hepliaklqana
Kikubaaqudgha
Makhleb
Nemelex Xobeh
Okawaru
Qazlal
Ru
Sif Muna
Trog
Uskayaw
Vehumet
Wu Jian
Xom
Yredelemnul
Zin
The Shining One

Shops:
D:4 !

Annotations:
D:2 , ogre


Innate Abilities, Weirdness & Mutations

You reflexively headbutt those who attack you in melee.
You have a pair of horns on your head.


Message History

The centaur barely misses you. The killer bee stings you.
* * * LOW HITPOINT WARNING * * *
The orc warrior hits you but does no damage.
Unknown command.
Unknown command.
Unknown command.
You slash the centaur!
You kill the centaur!
Makhleb accepts your kill.
You feel better.
You slash the killer bee! You hit the queen bee. You slash the killer bee!
You slash the orc warrior! You slash the killer bee!
* * * LOW HITPOINT WARNING * * *
You feel sick. You block the killer bee's attack.
The killer bee stings you but does no damage.
You block the killer bee's attack. The killer bee barely misses you.
You block the queen bee's attack. The killer bee closely misses you.
The killer bee barely misses you. The killer bee stings you.
* * * LOW HITPOINT WARNING * * *
The killer bee stings you!
You die...

.......... ........# ...
........# ... ........#
.... ........# .....
......(.###########.....
.......(...)............
........(.([().ooy....#
..........)(((((@y....#
...............yyy......
........................
##########.(#######.....
######## #..# .....
............# ....
............# ...
..########### ... ..#


You could see a queen bee, an orc warrior, 4 killer bees and an orc.

Vanquished Creatures
  6 two-headed ogres
  An unseen horror (D:10)
  Psyche (D:8)
  A troll (D:9)
  3 hippogriffs
  A vampire (D:10)
  A yak (D:7)
  A hungry ghost (D:7)
  A human (D:7)
  3 hogs
  3 orc warriors
  A black bear (D:10)
  2 phantoms
  7 ogres
  A crocodile (D:8)
  3 centaurs
  A gnoll sergeant (D:7)
  Blork the orc (D:6)
  5 bullfrogs
  3 scorpions
  6 killer bees
  3 howler monkeys
  6 crimson imps
  A bullfrog zombie (D:10)
  A quasit (D:10)
  6 orc priests
  A hound (D:6)
  2 jellies
  Crazy Yiuf (D:2)
  2 bullfrog skeletons
  4 orc wizards
  2 iguanas
  Ijyb (D:3)
  5 worker ants
  3 worker ant zombies
  8 gnolls
  8 adders
  A shadow imp (D:7)
  2 adder skeletons
  A worm (D:2)
  A dart slug (D:2)
  7 leopard geckos
  16 orcs
  6 giant cockroaches
  6 goblins
  5 hobgoblins
  13 jackals
  3 kobolds
  5 quokkas
  2 ball pythons (D:3)
  9 bats
  3 frilled lizards
  2 giant cockroach zombies (D:1)
  A jackal skeleton (D:4)
  A quokka skeleton (D:5)
  2 quokka zombies
  14 rats
206 creatures vanquished.

Notes
Turn   | Place    | Note
-------+----------+-------------------------------------------
     0 | D:1      | wojtek the Minotaur Fighter began the quest for the Orb.
     0 | D:1      | Reached XP level 1. HP: 19/19 MP: 0/0
    71 | D:1      | Reached skill level 3 in Axes
    82 | D:1      | Reached XP level 2. HP: 22/26 MP: 1/1
   280 | D:1      | Reached skill level 4 in Axes
   280 | D:1      | Reached XP level 3. HP: 29/31 MP: 2/2
   899 | D:2      | Found a runed door.
  1025 | D:2      | Noticed an ogre
  1324 | D:2      | Found a faded altar of an unknown god.
  1378 | D:3      | Found an opulent altar of Gozag.
  1574 | D:3      | Reached skill level 5 in Axes
  1574 | D:3      | Reached XP level 4. HP: 26/39 MP: 3/3
  1723 | D:3      | Noticed Ijyb
  1741 | D:3      | Killed Ijyb
  1741 | D:3      | Reached skill level 6 in Axes
  2183 | D:3      | Reached XP level 5. HP: 39/46 MP: 4/4
  2540 | D:4      | Found Oqoperr's Distillery.
  2543 | D:4      | Bought a potion of heal wounds for 65 gold pieces
  2543 | D:4      | Bought a potion of curing for 39 gold pieces
  2543 | D:4      | Bought a potion of lignification for 39 gold pieces
  3079 | D:4      | Noticed an ogre
  3082 | D:4      | Killed an ogre
  3082 | D:4      | Reached skill level 1 in Dodging
  3082 | D:4      | Reached skill level 1 in Evocations
  3082 | D:4      | Reached XP level 6. HP: 27/52 MP: 5/5
  3617 | D:5      | Entered Level 5 of the Dungeon
  4233 | D:5      | Reached skill level 7 in Axes
  4248 | D:5      | Reached XP level 7. HP: 41/60 MP: 7/7
  5130 | D:2      | Noticed Crazy Yiuf
  5134 | D:2      | Killed Crazy Yiuf
  5343 | D:6      | Found a staircase to the Ecumenical Temple.
  5361 | Temple   | Entered the Ecumenical Temple
  5470 | Temple   | Became a worshipper of Makhleb the Destroyer
  5504 | D:6      | Found a shimmering altar of Xom.
  5514 | D:6      | Noticed Blork the orc
  5519 | D:6      | Killed Blork the orc
  5687 | D:6      | Reached skill level 1 in Invocations
  5885 | D:6      | Reached skill level 5 in Shields
  5973 | D:6      | Reached skill level 5 in Fighting
  5973 | D:6      | Reached XP level 8. HP: 48/68 MP: 8/8
  5975 | D:6      | Reached skill level 5 in Armour
  6172 | D:7      | Reached skill level 8 in Axes
  6449 | D:6      | Reached * piety under Makhleb
  6698 | D:7      | Reached XP level 9. HP: 70/75 MP: 10/10
  6703 | D:7      | Reached skill level 9 in Axes
  7188 | D:8      | Noticed a two-headed ogre
  7200 | D:8      | Killed a two-headed ogre
  7965 | D:8      | Noticed a two-headed ogre
  7980 | D:8      | Killed a two-headed ogre
  7980 | D:8      | Reached skill level 10 in Axes
  7980 | D:8      | Reached skill level 5 in Invocations
  7980 | D:8      | Reached XP level 10. HP: 42/84 MP: 11/13
  8396 | D:8      | Reached skill level 5 in Dodging
  8426 | D:8      | Noticed a two-headed ogre
  8434 | D:8      | Killed a two-headed ogre
  8435 | D:8      | Noticed Psyche
  8439 | D:8      | Killed Psyche
  8645 | D:9      | Noticed a two-headed ogre
  8745 | D:9      | Found a snail-covered altar of Cheibriados.
  8765 | D:8      | Killed a two-headed ogre
  8774 | D:9      | Reached ** piety under Makhleb
  8803 | D:9      | Found a staircase to the Lair.
  8818 | D:9      | Reached skill level 11 in Axes
  8863 | D:9      | Noticed a two-headed ogre
  8871 | D:9      | Killed a two-headed ogre
  9102 | D:10     | Entered Level 10 of the Dungeon
  9113 | D:10     | Reached XP level 11. HP: 93/93 MP: 15/15
  9131 | D:10     | Reached skill level 5 in Evocations
  9180 | D:10     | Noticed a two-headed ogre
  9193 | D:10     | Killed a two-headed ogre
  9446 | D:10     | Killed an unseen horror
 10186 | D:10     | HP: 4/94 [killer bee (7)]
 10189 | D:10     | HP: 1/94 [killer bee (4)]
 10190 | D:10     | Mangled by a killer bee

Skill      XL: |  1  2  3  4  5  6  7  8  9 10 11 |
---------------+----------------------------------+-----
Axes           | 3 4 5 6 7 8 10 11 | 11.5
Fighting       | 4 5 6 7 8 |  8.0
Armour         | 4 5 6 7 |  7.8
Dodging        | 1 2 3 4 5 6 |  6.2
Shields        | 4 5 6 7 8 |  8.0
Evocations     | 1 2 3 4 5 |  5.2
Invocations    | 1 3 5 6 7 |  7.4

Action                   |  1- 3 |  4- 6 |  7- 9 | 10-12 || total
-------------------------+-------+-------+-------+-------++-------
Melee: War axe           |   103 |   152 |   224 |   204 ||   683
       Headbutt          |    16 |    20 |    49 |    44 ||   129
Evoke: Wand              |       |       |     3 |    13 ||    16
  Use: Potion            |       |       |     1 |     2 ||     3
       Scroll            |       |       |       |     1 ||     1
  Eat: Chunk             |     2 |     6 |    18 |     7 ||    33
       Ration            |       |     1 |       |       ||     1
Armor: Scale mail        |    51 |    67 |     7 |       ||   125
       Chain mail        |       |       |    89 |   104 ||   193
Dodge: Dodged            |    33 |    43 |    66 |    85 ||   227
Block: Shield            |    61 |    73 |   141 |   152 ||   427
